 Dungeon Crawl Stone Soup version 0.14-a0-102-g2341383 (webtiles) character file.

29693 PolkaDot the Brawler (level 13, -20/126 HPs)
             Began as a Troll Monk on Oct 3, 2013.
             Was the Champion of Yredelemnul.
             Killed from afar by a dragon (40 damage)
             ... with a blast of flame
             ... on Level 7 of the Lair of Beasts.
             The game lasted 01:49:28 (14616 turns).

PolkaDot the Brawler (Troll Monk)                  Turns: 14616, Time: 01:49:28

HP -20/126       AC 10     Str 25      XL: 13   Next:  8%
MP  20/20        EV 11     Int  6      God: Yredelemnul [******]
Gold 1557        SH  0     Dex 16      Spells:  0 memorised, 12 levels left

Res.Fire  : . . .   See Invis. : .     - Unarmed
Res.Cold  : . . .   Warding    : .   J - +1 robe "Phiycox" {+Inv rN+ Str+3}
Life Prot.: + . .   Conserve   : .   (shield restricted)
Res.Poison: .       Res.Corr.  : .   (helmet restricted)
Res.Elec. : .       Clarity    : +   d - +0 orc cloak
Sust.Abil.: + .     Spirit.Shd : .   (gloves unavailable)
Res.Mut.  : .       Stasis     : .   (boots unavailable)
Res.Rott. : .       Flight     : .   V - amulet of clarity
Gourmand  : +                        A - +3 ring of protection
                                     h - ring of sustain abilities

@: about to teleport, somewhat resistant to hostile enchantments, fairly
stealthy
A: unfitting armour, claws 3, blink 1, fast metabolism 3, gourmand, -10% mp,
regeneration 2, saprovore 2, tough skin 2, wild magic 1, AC +1
a: Blink, Animate Dead, Recall Undead Slaves, Injury Mirror, Drain Life, Enslave
Soul, Renounce Religion, Evoke Invisibility


You were on level 7 of the Lair of Beasts.
You worshipped Yredelemnul.
Yredelemnul was exalted by your worship.
You were completely stuffed.

You visited 2 branches of the dungeon, and saw 19 of its levels.

You collected 1557 gold pieces.

Inventory:

Armour
 d - a +0 orcish cloak (worn)
 J - the +1 robe "Phiycox" (worn) {+Inv rN+ Str+3}
   (You found it on level 2 of the Lair of Beasts)

   It affects your strength (+3).
   It protects you from negative energy.
   It lets you turn invisible.
Comestibles
 f - a beef jerky
 g - 2 bread rations
 l - a meat ration
Scrolls
 a - a scroll of enchant weapon II
Jewellery
 h - a ring of sustain abilities (left claw)
 u - an uncursed ring of protection from fire
 A - a +3 ring of protection (right claw)
 V - an amulet of clarity (around neck)
Potions
 c - 4 potions of agility
 e - a potion of cure mutation
 i - 6 potions of curing
 j - a potion of berserk rage
 o - 4 potions of brilliance
 v - a potion of flight
 E - 2 potions of resistance
 H - 4 potions of speed
 L - a potion of might
 R - 2 potions of restore abilities
 T - 3 potions of invisibility
 W - 7 potions of heal wounds
Rods
 S - a +0 rod of the swarm (13/13)
   (You found it on level 9 of the Dungeon)


   Skills:
 + Level 9.4 Fighting
 - Level 2.4 Dodging
 - Level 1.1 Stealth
 * Level 15.0 Unarmed Combat
 * Level 11.4 Invocations


You had 12 spell levels left.
You didn't know any spells.

Dungeon Overview and Level Annotations

Branches:
Dungeon (12/27)            Temple (0/1) D:4             Orc (0/4) D:9
   Lair (7/8) D:11          Swamp (0/5) Lair:6       Spider (0/5) Lair:5
  Slime: Lair:6-8

Altars:
Ashenzari
Nemelex Xobeh
Sif Muna
Trog
Yredelemnul
Zin

Shops:
D:7 +


Innate Abilities, Weirdness & Mutations

You are too large for most types of armour.
You have claws for hands.
Your metabolism is lightning-fast.
You like to eat raw meat.
You heal very quickly.
You can eat rotten meat.
You are covered in fur (AC +1).
You have very tough skin (AC +2).
You can translocate small distances at will.
Your magical capacity is low (-10% MP).
Your spells are a little harder to cast, but a little more powerful.


Message History

The blast of flame hits you!
* * * LOW HITPOINT WARNING * * *
The electric eel shoots out a bolt of electricity!
The bolt of electricity hits you!
* * * LOW HITPOINT WARNING * * *
Read which item? (? for menu, Esc to quit)
Okay, then.
Read which item? (? for menu, Esc to quit)
Okay, then.
Read which item? (? for menu, Esc to quit)
As you read the scroll of teleportation, it crumbles to dust.
You feel strangely unstable.
The electric eel shoots out a bolt of electricity!
The bolt of electricity hits you!
* * * LOW HITPOINT WARNING * * *
The bolt of electricity hits your sheep zombie.
The dragon breathes fire at you. The blast of flame hits you!
You die...
Your body rises from the dead as a mindless zombie.

....# #z.# .
##..##
##.z..##
#......#
#...z..##
##.......#
#........#
#......≈≈##
#..@..{;≈≈#
#≈..≈D≈≈≈≈#
#≈≈≈;≈≈.≈≈#
≈≈≈;≈≈≈...##
#≈≈≈≈≈≈≈...#
#≈≈≈≈≈≈≈$$..#
≈≈≈≈≈≈≈$$?.
≈≈≈≈≈≈≈)[ ≈≈≈


You could see a dragon, a giant goldfish, a shark, an electric eel and 3
friendly sheep zombies.

Vanquished Creatures
  Rupert (Lair:4)
  A hill giant (D:10)
  An oklob plant (Lair:1)
  A cyclops (D:12)
  3 black mambas
  3 spiny frogs
  A feature mimic (D:7)
  A fire drake (Lair:6)
  Grinder (D:3)
  A troll (D:9)
  A spriggan (D:7)
  A blink frog (Lair:3)
  2 komodo dragons
  Prince Ribbit (D:4)
  A two-headed ogre (D:10)
  3 basilisks
  A griffon zombie (D:11)
  A wyvern (Lair:3)
  A griffon skeleton (D:12)
  27 yaks
  Grum (D:5)
  3 hippogriffs
  4 soldier ants (Lair:2)
  3 vampire mosquitoes (D:12)
  2 necrophages
  5 porcupines
  2 ice beasts (D:6)
  2 orc warriors (D:9)
  4 ogres
  A sky beast (D:12)
  A wolf (D:5)
  2 yellow wasps
  3 slaves (D:7)
  2 phantoms
  2 black bears
  2 centaurs
  Sigmund (D:7)
  2 big kobolds
  6 crocodiles
  A giant slug (Lair:5)
  3 gnoll sergeants
  7 giant frogs
  2 water moccasins
  3 agate snails
  17 killer bees
  13 wights
  A vampire bat (D:3)
  A hippogriff skeleton (D:10)
  An electric eel (Lair:7)
  2 goliath beetles (D:8)
  4 crimson imps
  13 hounds
  An orc priest (D:12)
  A soldier ant zombie (D:12)
  8 orc wizards
  A giant frog zombie (D:9)
  8 iguanas
  12 worker ants
  4 orange rats (Lair:3)
  A big kobold zombie (D:9)
  6 sheep
  Ijyb (D:5)
  A hound skeleton (D:10)
  A mummy (D:11)
  17 adders
  A giant centipede (D:11)
  14 gnolls
  40 green rats
  3 giant mites
  A goliath beetle zombie (D:9)
  6 worms
  An adder zombie (D:7)
  An adder skeleton (D:6)
  2 giant geckos
  An ooze (D:1)
  26 orcs
  25 bats
  3 giant cockroaches
  10 hobgoblins
  17 jackals
  A ball python (D:2)
  3 giant newts
  A giant spore (D:10)
  14 goblins
  27 kobolds
  13 quokkas
  29 rats
  A rat skeleton (D:5)
  4 ballistomycetes
  A plant (Lair:1)
476 creatures vanquished.

Vanquished Creatures (collateral kills)
  Fannar (Lair:4)
  4 hydras
  The ghost of TZer0 the Carver, an experienced DjBe of Trog (D:11)
  A slime creature (D:12)
  Pikel (D:7)
  2 black mambas
  A spiny frog (Lair:1)
  A queen ant (Lair:2)
  2 centaurs (D:8)
  2 blink frogs (Lair:3)
  A troll (D:12)
  A two-headed ogre (D:11)
  A komodo dragon (D:12)
  A grizzly bear (Lair:7)
  2 basilisks
  14 yaks
  3 hippogriffs
  A hungry ghost (D:11)
  3 porcupines
  5 soldier ants (Lair:2)
  3 ice beasts
  An orc warrior (D:12)
  A mottled dragon (D:11)
  A slave (D:7)
  A phantom (D:8)
  A boring beetle (Lair:3)
  5 crocodiles
  2 water moccasins (Lair:3)
  A gnoll sergeant (D:5)
  2 agate snails (Lair:2)
  3 giant frogs
  2 wights
  16 killer bees
  4 goliath beetles
  6 hounds
  A jelly (D:5)
  5 crimson imps
  5 orc priests
  2 gnoll shamans (D:5)
  A scorpion (D:10)
  8 worker ants
  7 orc wizards
  15 sheep
  A big kobold zombie (D:12)
  A big kobold skeleton (D:12)
  19 gnolls
  2 giant centipedes
  A giant mite (D:5)
  14 green rats
  4 adders
  A worm (D:11)
  A giant eyeball (D:9)
  An iguana skeleton (D:10)
  A giant gecko (D:9)
  26 orcs
  A hobgoblin (D:11)
  10 jackals
  5 kobolds
  A quokka (Lair:4)
  4 bats
  3 rats
  2 ballistomycetes (D:10)
  A bush (Lair:1)
  A butterfly (D:4)
  4 fungi
  4 plants
249 creatures vanquished.

Vanquished Creatures (others)
  4 flying skulls
  A wraith (D:11)
  A porcupine (D:11)
  2 freezing wraiths
  A wight (D:11)
  A two-headed ogre zombie (D:11)
  4 killer bee zombies
  A crocodile zombie (D:11)
  2 mummies
  A green rat (D:11)
  An adder zombie (Lair:2)
  A giant centipede zombie (D:11)
  A giant spore (D:11)
  9 green rat zombies
  2 orc skeletons
  A rat zombie (D:11)
33 creatures vanquished.

Grand Total: 758 creatures vanquished

Notes
Turn   | Place    | Note
--------------------------------------------------------------
     0 | D:1      | PolkaDot, the Troll Monk, began the quest for the Orb.
     0 | D:1      | Reached XP level 1. HP: 20/20 MP: 0/0
   125 | D:1      | Reached XP level 2. HP: 28/28 MP: 0/0
   604 | D:1      | Reached XP level 3. HP: 34/36 MP: 1/1
   891 | D:2      | Reached skill level 5 in Unarmed Combat
   941 | D:2      | Reached XP level 4. HP: 44/44 MP: 1/1
  1004 | D:2      | Found a basalt altar of Yredelemnul.
  1010 | D:2      | Became a worshipper of Yredelemnul the Dark
  1010 | D:2      | Acquired Yredelemnul's first power
  1010 | D:2      | Acquired Yredelemnul's second power
  1417 | D:3      | Noticed Grinder
  1439 | D:3      | Reached XP level 5. HP: 43/52 MP: 1/1
  1456 | D:3      | Paralysed by Grinder for 3 turns
  1462 | D:3      | Killed Grinder
  1462 | D:3      | Reached skill level 6 in Unarmed Combat
  1462 | D:3      | Reached XP level 6. HP: 31/59 MP: 1/4
  1940 | D:4      | Noticed Prince Ribbit
  1954 | D:4      | Killed Prince Ribbit
  1954 | D:4      | Reached skill level 7 in Unarmed Combat
  1954 | D:4      | Reached XP level 7. HP: 35/67 MP: 5/5
  1993 | D:4      | Acquired Yredelemnul's third power
  2145 | D:4      | Received a gift from Yredelemnul
  2155 | D:4      | Found a staircase to the Ecumenical Temple.
  2615 | D:5      | Entered Level 5 of the Dungeon
  2753 | D:5      | Reached skill level 8 in Unarmed Combat
  2753 | D:5      | Reached XP level 8. HP: 57/76 MP: 6/6
  2844 | D:5      | Noticed Ijyb
  2851 | D:5      | Killed Ijyb
  2879 | D:5      | Received a gift from Yredelemnul
  2905 | D:5      | Reached skill level 5 in Fighting
  3037 | D:5      | Reached skill level 9 in Unarmed Combat
  3053 | D:5      | Acquired Yredelemnul's fourth power
  3170 | D:5      | Noticed Grum
  3179 | D:5      | Killed Grum
  3202 | D:5      | Received a gift from Yredelemnul
  3249 | D:5      | Reached XP level 9. HP: 69/85 MP: 10/10
  3279 | D:5      | Reached skill level 5 in Invocations
  3444 | D:5      | Received a gift from Yredelemnul
  3919 | D:6      | Found a sparkling altar of Nemelex Xobeh.
  3929 | D:6      | Gained mutation: You can translocate small distances at will. [potion of mutation]
  3929 | D:6      | Gained mutation: Your spells are a little harder to cast, but a little more powerful. [potion of mutation]
  3929 | D:6      | Gained mutation: Your magical capacity is low (-10% MP). [potion of mutation]
  4126 | D:6      | Reached skill level 10 in Unarmed Combat
  4200 | D:7      | Noticed Pikel
  4210 | D:7      | Killed Pikel
  4311 | D:7      | Received a gift from Yredelemnul
  4434 | D:7      | Noticed Sigmund
  4438 | D:7      | Killed Sigmund
  4649 | D:7      | Killed a door mimic
  4855 | D:7      | Found a deep blue altar of Sif Muna.
  4855 | D:7      | Found a shattered altar of Ashenzari.
  4934 | D:7      | Reached skill level 11 in Unarmed Combat
  4938 | D:7      | Found Imiles' Book Shop.
  5413 | D:8      | Reached XP level 10. HP: 87/96 MP: 8/11
  5518 | D:8      | Found a glowing silver altar of Zin.
  5706 | D:8      | Acquired Yredelemnul's fifth power
  6324 | D:9      | Received a gift from Yredelemnul
  6331 | D:9      | Paralysed by a giant eyeball for 4 turns
  6341 | D:9      | Paralysed by a giant eyeball for 2 turns
  6355 | D:9      | Found a staircase to the Orcish Mines.
  6504 | D:9      | Reached skill level 12 in Unarmed Combat
  6663 | D:9      | Received a gift from Yredelemnul
  6913 | D:9      | Identified a +0 rod of the swarm (13/13) (You found it on level 9 of the Dungeon)
  6937 | D:10     | Entered Level 10 of the Dungeon
  6937 | D:10     | Noticed a hill giant
  6945 | D:10     | Killed a hill giant
  7325 | D:10     | Reached XP level 11. HP: 99/105 MP: 15/15
  7710 | D:11     | Noticed TZer0's ghost (experienced DjBe)
  7724 | D:11     | Killed TZer0's ghost
  7749 | D:11     | Received a gift from Yredelemnul
  7830 | D:11     | Received a gift from Yredelemnul
  7880 | D:11     | Found a staircase to the Lair.
  8240 | D:12     | Reached skill level 13 in Unarmed Combat
  8261 | D:12     | Found a bloodstained altar of Trog.
  8424 | D:12     | Received a gift from Yredelemnul
  9221 | Lair:1   | Entered Level 1 of the Lair of Beasts
  9422 | Lair:1   | Noticed a six-headed hydra
  9432 | Lair:1   | Killed a six-headed hydra
  9762 | Lair:1   | Reached XP level 12. HP: 106/115 MP: 18/18
 10072 | Lair:2   | Received a gift from Yredelemnul
 10319 | Lair:2   | Reached skill level 10 in Invocations
 10458 | Lair:2   | Received a gift from Yredelemnul
 10556 | Lair:2   | Reached skill level 14 in Unarmed Combat
 10556 | Lair:2   | Received a gift from Yredelemnul
 10667 | Lair:2   | Got a steaming robe
 10668 | Lair:2   | Identified the +1 robe "Phiycox" {+Inv rN+ Str+3} (You found it on level 2 of the Lair of Beasts)
 11028 | Lair:3   | Received a gift from Yredelemnul
 11780 | Lair:4   | Received a gift from Yredelemnul
 12134 | Lair:4   | Noticed Fannar
 12142 | Lair:4   | Killed Fannar
 12168 | Lair:4   | Noticed a seven-headed hydra
 12177 | Lair:4   | Killed an eight-headed hydra
 12248 | Lair:4   | Noticed Rupert
 12248 | Lair:4   | Paralysed by Rupert for 3 turns
 12265 | Lair:4   | Killed Rupert
 12775 | Lair:5   | Received a gift from Yredelemnul
 13015 | Lair:5   | Found a hole to the Spider Nest.
 13185 | Lair:5   | Noticed a seven-headed hydra
 13191 | Lair:5   | Killed a seven-headed hydra
 13638 | Lair:6   | Noticed a five-headed hydra
 13644 | Lair:6   | Killed a five-headed hydra
 13654 | Lair:6   | Found a staircase to the Swamp.
 13748 | Lair:6   | Reached XP level 13. HP: 114/126 MP: 17/20
 14391 | Lair:7   | Reached skill level 15 in Unarmed Combat
 14435 | Lair:7   | Received a gift from Yredelemnul
 14616 | Lair:7   | Killed from afar by a dragon

Action                   |  1- 3 |  4- 6 |  7- 9 | 10-12 | 13-15 || total
-------------------------+-------+-------+-------+-------+-------++-------
Melee: Unarmed           |    98 |   133 |   302 |   767 |    28 ||  1328
       Rod               |       |       |       |    26 |       ||    26
Invok: Animate Dead      |       |       |    20 |    76 |     3 ||    99
       Recall Undead Sla |       |       |     6 |    19 |     1 ||    26
       Stop Recall       |       |       |     1 |     4 |       ||     5
       Enslave Soul      |       |       |       |     2 |       ||     2
Evoke: Wand              |       |       |     2 |     7 |       ||     9
  Use: Scroll            |       |     1 |    17 |    24 |     2 ||    44
       Potion            |       |       |     3 |    10 |       ||    13
 Stab: Sleeping          |       |     1 |     3 |    10 |     1 ||    15
       Distracted        |       |       |     3 |    14 |       ||    17
